 Dungeon Crawl Stone Soup version 0.28-a0-750-g7c675f85b1 (console) character file.

Game seed: 15730009626447725614

19 petzl the Vexing (level 2, 0/18 HPs)
             Began as an Octopode Arcane Marksman on Oct 29, 2021.
             Slain by an adder (5 damage)
             ... on level 2 of the Dungeon.
             The game lasted 00:02:35 (1341 turns).

petzl the Vexing (Octopode Arcane Marksman)         Turns: 1341, Time: 00:02:35

Health: 0/18       AC:  1    Str:  9    XL:     2   Next: 75%
Magic:  3/4        EV: 13    Int: 15    God:
Gold:   68         SH:  0    Dex: 12    Spells: 3/4 levels left

rFire   + . .      SeeInvis .   b - +0 short sword
rCold   . . .      Faith    .   (no shield)
rNeg    . . .      Spirit   .   (helmet restricted)
rPois   .          Reflect  .   (no amulet)
rElec   .          Harm     .   g - ring of protection from fire
rCorr   .          Rampage  .   (no ring)
Will    .....                   (no ring)
Stlth   +++.......              (no ring)
HPRegen 0.06/turn               (no ring)
MPRegen 0.09/turn               (no ring)
                                (no ring)
                                (no ring)

@: lethally poisoned (0 -> -2)
A: almost no armour, amphibious, 8 rings, camouflage 1, gelatinous body 1,
(nimble swimmer 1), tentacles
a: no special abilities


You were on level 2 of the Dungeon.
You visited 1 branch of the dungeon, and saw 3 of its levels.

You collected 68 gold pieces.

Inventory:

Hand Weapons
 a - a +0 hand crossbow
 b - a +0 short sword (weapon)
Missiles
 c - 12 bolts
Jewellery
 g - a ring of protection from fire (left tentacle)
Scrolls
 h - a scroll of enchant weapon {unknown}
 k - a scroll of noise {unknown}
Potions
 d - a potion of haste {unknown}
 e - a potion of might {unknown}
 f - a potion of brilliance {unknown}
 i - a potion of lignification {unknown}
 j - a potion of mutation {unknown}


   Skills:
 + Level 1.2 Fighting
 + Level 2.1 Crossbows
 + Level 2.1 Dodging
 + Level 1.0 Stealth
 * Level 1.6 Spellcasting
 + Level 3.1 Hexes


You had 3 spell levels left.
You knew the following spells:

 Your Spells              Type           Power      Damage    Failure   Level
a - Slow                  Hex            40%        N/A       6%          1

Your spell library contained the following spells:

 Spells                   Type           Power      Damage    Failure   Level
 Inner Flame              Hex/Fire       5%         N/A       36%         3
 Portal Projectile        Hex/Tloc       10%        N/A       36%         3
 Cause Fear               Hex            5%         N/A       54%         4


Dungeon Overview and Level Annotations

Branches:
Dungeon (3/15)

Altars:


Innate Abilities, Weirdness & Mutations

You cannot wear most types of armour.
You are amphibious.
You can wear up to eight rings at the same time.
Your skin changes colour to match your surroundings (Stealth+).
Your rubbery body absorbs attacks. (AC +1, EV +1)
((You are camouflaged near water. (Stealth+)))
You have tentacles for arms and can constrict up to eight enemies at once.


Message History

You shoot a bolt.
The bolt hits the kobold but does no damage.
Fire: 16 bolts
Press: ? - help, Q - select action, (/) - cycle Shift-Dir - straight line, f/p - kobold
Aim: a kobold, wielding a +0 dagger (55% to hit)
You shoot a bolt. The bolt barely misses the kobold.
Fire: 15 bolts
Press: ? - help, Q - select action, (/) - cycle Shift-Dir - straight line, f/p - kobold
Aim: a kobold, wielding a +0 dagger (55% to hit)
You shoot a bolt. The bolt closely misses the kobold.
Fire: 14 bolts
Press: ? - help, Q - select action, (/) - cycle Shift-Dir - straight line, f/p - kobold
Aim: a kobold, wielding a +0 dagger (55% to hit)
You shoot a bolt. The bolt hits the kobold.
You kill the kobold!
Fire: 13 bolts
Press: ? - help, Q - select action, (/) - cycle Shift-Dir - straight line, f - adder
Aim: an adder (44% to hit)
You shoot a bolt. The bolt misses the adder.
The adder bites you.
You are now empty-tentacled.
The adder bites you.
f - a +0 short sword (weapon)
A kobold comes into view.
It is wielding a +2 dagger of protection.
Adjust (i)tems, (s)pells, or (a)bilities?
f - a +0 short sword (weapon)
Adjust to which letter? (? for menu, Esc to quit)
b - a +0 short sword (weapon);
f - a fuming brown potion You miss the adder.
Your grab misses the adder. The adder barely misses you. The adder bites you.
You are poisoned.
The adder poisons you!
You miss the adder. Your grab misses the adder.
You feel sick. The adder bites you.
Casting: Slow (safe; 6% risk of failure)
Confirm with . or Enter, or press ? or * to list all spells.
Aiming: Slow (safe; 6% risk of failure)
Press: ? - help, Shift-Dir - straight line, f/p - adder
Aim: an adder (chance to affect: 54%)
The adder resists with significant effort.
You feel sick. The adder bites you.
You die...

###
#############.#
#.........#...#
#.........#.###
#......(....#
#....).^...##
#.........##
#.........#
#.<......>#
######@#### #S#
#(# #(# #.(#
##K# (. ...
.... ...## ...#


You could see an adder and a kobold.

Vanquished Creatures
  An endoplasm (D:1)
  A giant cockroach (D:1)
  3 goblins
  3 hobgoblins
  3 kobolds
  A quokka (D:1)
  A ball python (D:1)
  A bat (D:1)
  A frilled lizard (D:2)
  2 rats (D:1)
17 creatures vanquished.

Notes
Turn   | Place    | Note
-------+----------+-------------------------------------------
     0 | D:1      | petzl the Octopode Arcane Marksman began the quest for the
                  | Orb.
     0 | D:1      | Reached XP level 1. HP: 13/13 MP: 2/2
   194 | D:1      | Found a faded altar of an unknown god.
   582 | D:1      | Reached XP level 2. HP: 18/18 MP: 3/3
   673 | D:1      | Reached skill level 1 in Stealth
  1341 | D:2      | Slain by an adder

Illustrated notes

Levels and vault maps discovered:
D:1:      sevenhm_arrival_forest_fort_small_4, layout_basic,
          shapermc_ecumenical_altar_gd, palyth_stone_intersect,
          interstate_on_off
D:2:      layout_rooms, uniq_natasha
D:3:      minmay_angry_zag, layout_loops_corners, mainiacjoe_overflow_24_doors,
          minmay_goblin_outpost, uniq_robin

Skill      XL: |  1  2 |
---------------+-------+-----
Stealth        | 1 |  1.0
Fighting       | |  1.2
Crossbows      | |  2.1
Dodging        | |  2.1
Spellcasting   | |  1.6
Hexes          | |  3.1

Action                   || total
-------------------------++-------
Melee: Short sword       ||     2
 Fire: Hand crossbow     ||    37
 Cast: Slow              ||     1
Armor: Skin              ||     1
Dodge: Dodged            ||     4

Table legend: (Time is in decaauts)
 A = Elapsed time spent in this place.
 B = Non-inter-level travel time spent in this place.
 C = Inter-level travel time spent in this place.
 D = Time resting spent in this place.
 E = Time spent auto-exploring this place.
 F = Levels seen in this place.
 G = Mean time per level.
                   A        B        C        D        E       F      G
               +--------+--------+--------+--------+--------+-----+--------+
         Total |   1353 |   1353 |      0 |      0 |   1162 |   3 |  451.0 |
       Dungeon |   1353 |   1353 |      0 |      0 |   1162 |   3 |  451.0 |
               +--------+--------+--------+--------+--------+-----+--------+

Top non-repeatable levels by time:
     D:1: 1283 daAuts
     D:2: 68 daAuts
     D:3: 1 daAuts
